 Dungeon Sprint DCSS version 0.26-a0-597-gb535b0901c (webtiles) character file.

Game seed: 2601803475662246554

305458 HoaS the Middleweight Champion (level 19, -31/207 HPs)
             Began as a Ghoul Gladiator on Sept 6, 2020.
             Was the Champion of Makhleb.
             Annihilated by an Orb Guardian (40 damage)
             ... in the Dungeon (Sprint IX: "|||||||||||||||||||||||||||||").
             The game lasted 00:25:19 (5373 turns).

HoaS the Middleweight Champion (Ghoul Gladiator)    Turns: 5373, Time: 00:25:20

Health: -31/207    AC: 39    Str: 30    XL:     19   Next: 57%
Magic:  25/25      EV: 28    Int:  3    God:    Makhleb [******]
Gold:   1423       SH:  0    Dex: 12    Spells: 18/18 levels left

rFire    + . .     SeeInvis .     - Unarmed
rCold    + . .     Faith    .   (no shield)
rNeg     + + +     Spirit   .   J - +6 shadow dragon scales
rPois    ∞         Reflect  .   S - +2 helmet
rElec    .         Harm     .   x - +0 cloak of Distant Shores {rF+ rCorr}
rCorr    +         NoTele   +   m - +0 pair of gloves
MR       +....                  o - +0 pair of boots {run}
Stlth    +++++++++.             G - amulet of regeneration
HPRegen  0.00/turn              B - +4 ring of evasion
MPRegen  0.19/turn              D - +6 ring of strength

@: quick
A: rotting body, claws 1, cold resistance 1, negative energy resistance 3,
inhibited regeneration, torment resistance, unbreathing
}: 5/17 runes: decaying, serpentine, barnacled, silver, gossamer
a: Minor Destruction, Lesser Servant of Makhleb, Major Destruction, Greater
Servant of Makhleb, Renounce Religion


You were in the Dungeon.
You worshipped Makhleb.
Makhleb was exalted by your worship.
You visited 1 branch You collected 1955 gold pieces.
You spent 532 gold pieces at shops.

Inventory:

Missiles
 c - 7 throwing nets (quivered)
Armour
 m - a +0 pair of gloves (worn)
 o - a +0 pair of boots of running (worn)
 x - the +0 cloak of Distant Shores (worn) {rF+ rCorr}
   (You found it in the Dungeon)

   It protects you from fire.
   It provides partial protection from all sources of acid and corrosion.
 J - +6 shadow dragon scales (worn)
 K - the +0 cloak "Niemous" {rElec Stlth+}
   (You found it in the Dungeon)

   It insulates you from electricity.
   It makes you more stealthy.
 S - a +2 helmet (worn)
Jewellery
 p - a +3 ring of dexterity
 q - a +3 ring of intelligence
 y - an uncursed ring of see invisible
 z - an uncursed ring of fire
 B - a +4 ring of evasion (left hand)
 D - a +6 ring of strength (right hand)
 E - a +6 ring of strength
 F - a +6 ring of intelligence
 G - an amulet of regeneration (around neck)
 L - the ring "Oriotar" {rC+ EV+4}
   (You found it in the Dungeon)

   [ring of evasion]

   It affects your evasion (+4).
   It protects you from cold.
 M - the ring of Raukas {Fire *Drain rElec rN+ Int+3}
   (You found it in the Dungeon)

   [ring of fire]

   It enhances your fire magic.
   It affects your intelligence (+3).
   It protects you from fire.
   It makes you vulnerable to cold.
   It insulates you from electricity.
   It protects you from negative energy.
   It causes draining when unequipped.
 N - the ring "Seamautt" {rF+ rCorr Stlth+}
   (You found it in the Dungeon)

   [ring of resist corrosion]

   It protects you from fire.
   It provides partial protection from all sources of acid and corrosion.
   It makes you more stealthy.
 O - the amulet of Heomij {Regen+ Int+4}
   (You found it in the Dungeon)

   [amulet of regeneration]

   It affects your intelligence (+4).
   It increases your rate of regeneration.
 P - the amulet of Venoicil {Spirit rF+ rC+ MR-}
   (You found it in the Dungeon)

   [amulet of guardian spirit]

   It causes incoming damage to be split between your health and magic.
   It protects you from fire.
   It protects you from cold.
   It affects your resistance to hostile enchantments.
Wands
 f - a wand of enslavement (5)
 l - a wand of iceblast (11)
 C - a wand of flame (19)
Scrolls
 h - 5 scrolls of blinking
 j - 4 scrolls of remove curse
 k - 2 scrolls of amnesia
 s - 4 scrolls of fog
 t - 3 scrolls of fear
 u - 8 scrolls of enchant weapon
Potions
 a - 4 potions of might
 d - a potion of invisibility
 e - 8 potions of heal wounds
 g - 9 potions of magic
 i - 13 potions of curing
 n - 7 potions of haste
 r - 3 potions of resistance
 v - a potion of cancellation
 w - a potion of flight
 A - a potion of lignification
 H - 2 potions of brilliance
 I - 2 potions of stabbing


   Skills:
 O Level 27 Fighting
 + Level 9.2 Throwing
 O Level 27 Armour
 O Level 27 Dodging
 O Level 27 Stealth
 O Level 27 Unarmed Combat
 + Level 10.6 Invocations
 + Level 9.0 Evocations


You had 18 spell levels left.
You didn't know any spells.
Your spell library contained the following spells:

 Spells                   Type           Power        Failure   Level
 Animate Skeleton         Necr           #.....       77%         1
 Pain                     Necr           #...         77%         1
 Vampiric Draining        Necr           #.........   98%         3
 Animate Dead             Necr           #.........   100%        4
 Agony                    Necr           #.......     100%        5


Dungeon Overview and Level Annotations

Branches:
Dungeon (1/1)

Altars:
Cheibriados
Dithmenos
Elyvilon
Fedhas
Gozag
Hepliaklqana
Kikubaaqudgha
Makhleb
Nemelex Xobeh
Okawaru
Qazlal
Ru
Sif Muna
Trog
Uskayaw
Vehumet
Wu Jian
Xom
Yredelemnul
Zin
The Shining One
Beogh
Jiyva
Lugonu

Shops:
D ?!}!


Innate Abilities, Weirdness & Mutations

Your body is rotting away.
You thrive by killing the living.
You are immune to poison.
You have sharp fingernails.
Your flesh is cold resistant. (rC+)
You are immune to negative energy. (rN+++)
You do not regenerate when monsters are visible.
You are immune to unholy pain and torment.
You can survive without breathing.


Message History

The Orb Guardian hits you!!!
The moth of wrath goads the Orb Guardian on!
The Orb Guardian goes berserk!
You closely miss the Orb Guardian.
The Orb Guardian is heavily wounded.
The Orb Guardian hits you!!!
The green draconian annihilator casts a spell.
The green draconian annihilator blinks!
You barely miss the Orb Guardian.
The Orb Guardian is heavily wounded.
The Orb Guardian hits you!!
* * * LOW HITPOINT WARNING * * *
You pummel the Orb Guardian!!
The Orb Guardian is severely wounded.
The Orb Guardian hits you!!
* * * LOW HITPOINT WARNING * * *
You squash the Orb Guardian like an ant!!!
The Orb Guardian is almost dead.
The Orb Guardian hits you!!!
You die...

▓▓▓▓▓▓▓▓▓▓▓▓▓▓▓▓▓▓▓▓▓▓▓▓
....yXX@'.....§....'....
▓▓▓▓▓▓▓▓▓▓▓▓▓▓▓▓▓▓▓▓▓▓▓▓▓▓▓▓▓▓▓▓▓
.................................
▓▓▓▓▓▓▓▓▓▓▓▓▓▓▓▓▓▓▓▓▓▓▓▓▓▓▓▓▓▓▓▓▓
.))'.....))').....))))))'.....[))
▓▓▓▓▓▓▓▓▓▓▓▓▓▓▓▓▓▓▓▓▓▓▓▓▓▓▓▓▓▓▓▓▓
......[..........................
▓▓▓▓▓▓▓▓▓▓▓▓▓▓▓▓▓▓▓▓▓▓▓▓▓▓▓▓▓▓▓▓▓
.[[[[[[[...)))))))............'..


You could see 2 Orb Guardians and a moth of wrath.

Vanquished Creatures
  2 orbs of fire (D)
  Mara (D)
  Sojobo (D)
  Boris (D)
  Xtahua (D)
  Nikola (D)
  Jory (D)
  2 bone dragons (D)
  2 tentacled monstrosities (D)
  12 Orb Guardians (D)
  5 death cobs (D)
  4 quicksilver dragons (D)
  Frances (D)
  6 shadow dragons (D)
  A sphinx (D)
  Ilsuiw (D)
  A storm dragon (D)
  2 draconian monks (D)
  2 tengu reavers (D)
  3 nagarajas (D)
  3 emperor scorpions (D)
  3 fire giants (D)
  A draconian scorcher (D)
  5 frost giants (D)
  2 draconian knights (D)
  Aizul (D)
  5 vault wardens (D)
  3 ghost moths (D)
  3 ironheart preservers (D)
  2 draconian shifters (D)
  2 very ugly things (D)
  A draconian stormcaller (D)
  7 stone giants (D)
  2 draconian annihilators (D)
  3 green draconians (D)
  3 black draconians (D)
  3 purple draconians (D)
  3 red draconians (D)
  A yellow draconian (D)
  2 white draconians (D)
  2 ettins (D)
  3 merfolk javelineers (D)
  3 merfolk impalers (D)
  5 yaktaur captains (D)
  3 hydras (D)
  Harold (D)
  25 vault guards (D)
  2 ice dragons (D)
  2 naga warriors (D)
  2 anacondas (D)
  7 fire dragons (D)
  2 ghost crabs (D)
  A centaur warrior (D)
  3 merfolk aquamancers (D)
  4 merfolk avatars (D)
  8 ogre magi (D)
  A deep troll earth mage (D)
  3 vampire magi (D)
  A deep troll shaman (D)
  A tengu warrior (D)
  A deep elf knight (D)
  6 swamp dragons (D)
  A glowing orange brain (D)
  4 deep trolls (D)
  A wizard (D)
  An ironbrand convoker (D)
  4 orc knights (D)
  A deep elf archer (D)
  2 lindwurms (D)
  A harpy (D)
  5 necromancers (D)
  5 wolf spiders (D)
  4 ugly things (D)
  An orc sorcerer (D)
  A deep elf mage (D)
  2 manticores (D)
  2 cyclopes (D)
  A salamander (D)
  Maurice (D)
  7 moths of wrath (D)
  2 guardian serpents (D)
  Joseph (D)
  Psyche (D)
  A vault sentinel (D)
  3 naga magi (D)
  2 cane toads (D)
  3 black mambas (D)
  An efreet (D)
  A freezing wraith (D)
  2 demonic crawlers (D)
  2 yaktaurs (D)
  4 jumping spiders (D)
  5 trolls (D)
  3 merfolk (D)
  A blink frog (D)
  A dream sheep (D)
  2 slime creatures (D)
  A hornet (D)
  3 hippogriffs (D)
  2 snapping turtles (D)
  A shadow (D)
  3 redbacks (D)
  3 wraiths (D)
  Eustachio (D)
  2 tarantellas (D)
  4 vampire mosquitoes (D)
  Grum (D)
  7 nagas (D)
  3 water moccasins (D)
  2 porcupines (D)
  3 swamp drakes (D)
  7 orc warriors (D)
  A phantom (D)
  2 ice beasts (D)
  2 ogres (D)
  5 wolves (D)
  A crocodile (shapeshifter) (D)
  7 bullfrogs (D)
  7 orc wizards (D)
  A hound (D)
  2 orc priests (D)
  A worker ant (D)
  An ooze (D)
  6 worms (D)
  A dart slug (D)
  7 orcs (D)
  A bat (D)
  A goblin (D)
  2 hobgoblins (D)
  A quokka (D)
362 creatures vanquished.

Vanquished Creatures (others)
  An alligator (D)
  2 tyrant leeches (D)
  A swamp drake (D)
  A bat zombie (D)
5 creatures vanquished.

Grand Total: 367 creatures vanquished

Notes
Turn   | Place    | Note
-------+----------+-------------------------------------------
     0 | D        | HoaS the Ghoul Gladiator began the quest for the Orb.
     0 | D        | Reached XP level 1. HP: 17/17 MP: 0/0
    12 | D        | Reached skill level 5 in Unarmed Combat
    16 | D        | Reached XP level 2. HP: 19/24 MP: 1/1
    59 | D        | Noticed a phantom
    59 | D        | Noticed an ice beast
    67 | D        | Reached XP level 3. HP: 28/29 MP: 2/2
    83 | D        | Killed a phantom
    83 | D        | Reached skill level 10 in Unarmed Combat
    83 | D        | Reached XP level 4. HP: 23/36 MP: 3/3
    83 | D        | Reached XP level 5. HP: 26/41 MP: 4/4
    88 | D        | Killed an ice beast
    88 | D        | Reached skill level 1 in Armour
   268 | D        | Found a roughly hewn altar of Beogh.
   268 | D        | Found a snail-covered altar of Cheibriados.
   268 | D        | Found a shadowy altar of Dithmenos.
   268 | D        | Found a white marble altar of Elyvilon.
   268 | D        | Found a blossoming altar of Fedhas.
   268 | D        | Found an opulent altar of Gozag.
   269 | D        | Found a hazy altar of Hepliaklqana.
   270 | D        | Found a viscous altar of Jiyva.
   271 | D        | Found an ancient bone altar of Kikubaaqudgha.
   272 | D        | Found a corrupted altar of Lugonu.
   273 | D        | Found a burning altar of Makhleb.
   274 | D        | Found a sparkling altar of Nemelex Xobeh.
   275 | D        | Found an iron altar of Okawaru.
   276 | D        | Found a stormy altar of Qazlal.
   277 | D        | Found a sacrificial altar of Ru.
   278 | D        | Found a shimmering blue altar of Sif Muna.
   279 | D        | Found a bloodstained altar of Trog.
   280 | D        | Found a hide-covered altar of Uskayaw.
   281 | D        | Became a worshipper of Makhleb the Destroyer
   282 | D        | Found a radiant altar of Vehumet.
   283 | D        | Found an ornate altar of the Wu Jian Council.
   284 | D        | Found a shimmering altar of Xom.
   285 | D        | Found a basalt altar of Yredelemnul.
   286 | D        | Found a glowing silver altar of Zin.
   287 | D        | Found a glowing golden altar of the Shining One.
   343 | D        | Noticed an ice beast
   343 | D        | Noticed an ogre
   353 | D        | Killed an ogre
   353 | D        | Reached XP level 6. HP: 43/55 MP: 5/5
   357 | D        | Reached * piety under Makhleb
   357 | D        | Reached skill level 5 in Fighting
   370 | D        | Killed an ice beast
   370 | D        | Reached ** piety under Makhleb
   370 | D        | Reached XP level 7. HP: 64/64 MP: 6/6
   377 | D        | Noticed a wraith
   377 | D        | Noticed a wraith
   377 | D        | Noticed a cyan ugly thing
   388 | D        | Killed a cyan ugly thing
   388 | D        | Reached skill level 5 in Dodging
   388 | D        | Reached XP level 8. HP: 60/77 MP: 7/7
   395 | D        | Reached skill level 5 in Armour
   403 | D        | Killed a wraith
   403 | D        | Reached *** piety under Makhleb
   416 | D        | Killed a wraith
   416 | D        | Reached skill level 10 in Fighting
   597 | D        | Noticed a black mamba
   597 | D        | Noticed a hippogriff
   597 | D        | Noticed a cane toad
   603 | D        | Killed a cane toad
   603 | D        | Reached skill level 15 in Unarmed Combat
   603 | D        | Reached XP level 9. HP: 86/86 MP: 8/8
   607 | D        | Reached **** piety under Makhleb
   616 | D        | Killed a black mamba
   625 | D        | Reached ***** piety under Makhleb
   643 | D        | Noticed a cane toad
   663 | D        | Killed a cane toad
   663 | D        | Reached XP level 10. HP: 87/100 MP: 9/9
   674 | D        | Reached ****** piety under Makhleb
   694 | D        | Noticed a lindwurm
   694 | D        | Noticed a lindwurm
   710 | D        | Killed a lindwurm
   718 | D        | Killed a lindwurm
   796 | D        | Noticed Psyche
   797 | D        | Noticed Grum
   803 | D        | Killed Psyche
   819 | D        | Killed Grum
   829 | D        | Noticed Harold
   845 | D        | Killed Harold
   951 | D        | Noticed Eustachio
   958 | D        | Killed Eustachio
   958 | D        | Reached XP level 11. HP: 111/111 MP: 10/10
  1013 | D        | Noticed an orc knight
  1030 | D        | Killed an orc knight
  1032 | D        | Reached skill level 15 in Fighting
  1074 | D        | Noticed an orc sorcerer
  1074 | D        | Noticed an orc knight
  1085 | D        | Killed an orc knight
  1094 | D        | Noticed an orc knight
  1098 | D        | Killed an orc sorcerer
  1098 | D        | Reached skill level 10 in Dodging
  1118 | D        | Killed an orc knight
  1162 | D        | Found Idoiblei's Distillery.
  1162 | D        | Noticed an ogre mage
  1162 | D        | Noticed a deep troll
  1162 | D        | Noticed a deep troll
  1170 | D        | Killed a deep troll
  1177 | D        | Killed a deep troll
  1179 | D        | Reached skill level 10 in Armour
  1182 | D        | Killed an ogre mage
  1185 | D        | Found Ufuellik's Gadget Shop.
  1194 | D        | Found Zid Unus's Distillery.
  1196 | D        | Noticed an ogre mage
  1197 | D        | Found Vuloumm's Magic Scroll Shop.
  1198 | D        | Noticed an ogre mage
  1199 | D        | Noticed an ogre mage
  1202 | D        | Noticed a stone giant
  1205 | D        | Killed an ogre mage
  1207 | D        | Noticed an ogre mage
  1213 | D        | Killed an ogre mage
  1213 | D        | Reached XP level 12. HP: 124/124 MP: 11/11
  1215 | D        | Paralysed by an ogre mage for 7 turns
  1228 | D        | Killed a stone giant
  1230 | D        | Killed an ogre mage
  1233 | D        | Killed an ogre mage
  1271 | D        | Bought a scroll of enchant armour for 82 gold pieces
  1271 | D        | Bought a scroll of enchant armour for 82 gold pieces
  1271 | D        | Bought a scroll of identify for 22 gold pieces
  1276 | D        | Bought a potion of might for 40 gold pieces
  1276 | D        | Bought a potion of resistance for 100 gold pieces
  1276 | D        | Bought a potion of curing for 30 gold pieces
  1276 | D        | Bought a potion of curing for 30 gold pieces
  1276 | D        | Bought a potion of heal wounds for 50 gold pieces
  1276 | D        | Bought 2 potions of curing for 60 gold pieces
  1280 | D        | Bought a potion of curing for 36 gold pieces
  1326 | D        | Noticed Maurice
  1336 | D        | Killed Maurice
  1352 | D        | Noticed Joseph
  1360 | D        | Killed Joseph
  1445 | D        | Identified a +0 pair of boots of running (You found it in
                  | the Dungeon)
  1554 | D        | Noticed a deep troll earth mage
  1573 | D        | Killed a deep troll earth mage
  1583 | D        | Noticed a vampire mage
  1591 | D        | Killed a vampire mage
  1593 | D        | Noticed a deep troll shaman
  1601 | D        | Killed a deep troll shaman
  1627 | D        | Noticed Frances
  1648 | D        | Killed Frances
  1648 | D        | Reached XP level 13. HP: 74/137 MP: 12/12
  2356 | D        | Noticed Aizul
  2373 | D        | Killed Aizul
  2417 | D        | Noticed a fire dragon
  2417 | D        | Noticed a fire giant
  2417 | D        | Noticed a stone giant
  2417 | D        | Noticed a cyan very ugly thing
  2417 | D        | Noticed a frost giant
  2425 | D        | Killed a frost giant
  2432 | D        | Killed a cyan very ugly thing
  2433 | D        | Noticed a frost giant
  2436 | D        | Killed a stone giant
  2436 | D        | Reached XP level 14. HP: 151/151 MP: 13/13
  2437 | D        | Noticed a fire giant
  2443 | D        | Killed a fire giant
  2444 | D        | Noticed a frost giant
  2466 | D        | Killed a frost giant
  2477 | D        | Killed a fire giant
  2478 | D        | Noticed a stone giant
  2486 | D        | Killed a frost giant
  2514 | D        | Killed a stone giant
  2514 | D        | Noticed a stone giant
  2531 | D        | Killed a stone giant
  2590 | D        | Noticed a vault warden
  2594 | D        | Noticed an ironheart preserver
  2600 | D        | Noticed a frost giant
  2615 | D        | Killed an ironheart preserver
  2615 | D        | Reached skill level 15 in Dodging
  2626 | D        | Killed a vault warden
  2633 | D        | Killed a frost giant
  2646 | D        | Reached skill level 15 in Armour
  2710 | D        | Noticed an ironheart preserver
  2727 | D        | Killed an ironheart preserver
  2727 | D        | Reached XP level 15. HP: 165/165 MP: 14/14
  2770 | D        | Noticed a tengu reaver
  2771 | D        | Noticed a tengu reaver
  2771 | D        | Noticed Sojobo
  2782 | D        | Killed a tengu reaver
  2790 | D        | Killed a tengu reaver
  2813 | D        | Killed Sojobo
  3027 | D        | Noticed Nikola
  3040 | D        | Killed Nikola
  3111 | D        | Noticed a ghost moth
  3111 | D        | Noticed an emperor scorpion
  3125 | D        | Killed an emperor scorpion
  3125 | D        | Noticed a ghost moth
  3136 | D        | Killed a ghost moth
  3144 | D        | Killed a ghost moth
  3145 | D        | Noticed a ghost moth
  3146 | D        | Noticed an emperor scorpion
  3150 | D        | Killed a ghost moth
  3165 | D        | Noticed an emperor scorpion
  3169 | D        | Killed an emperor scorpion
  3192 | D        | Killed an emperor scorpion
  3196 | D        | Got a gossamer rune of Zot
  3270 | D        | Noticed Ilsuiw
  3317 | D        | Reached skill level 27 in Unarmed Combat
  3342 | D        | Killed Ilsuiw
  3342 | D        | Reached XP level 16. HP: 180/180 MP: 15/15
  3346 | D        | Got a barnacled rune of Zot
  3511 | D        | Got the +0 cloak "Niemous" {rElec Stlth+}
  3659 | D        | Noticed a nagaraja
  3659 | D        | Noticed a nagaraja
  3660 | D        | Noticed a nagaraja
  3663 | D        | Killed a nagaraja
  3669 | D        | Killed a nagaraja
  3673 | D        | Killed a nagaraja
  3721 | D        | Got a serpentine rune of Zot
  3791 | D        | Reached skill level 27 in Fighting
  3811 | D        | Got a decaying rune of Zot
  3862 | D        | Noticed Jory
  3878 | D        | Killed Jory
  4153 | D        | Noticed a sphinx
  4169 | D        | Paralysed by a sphinx for 6 turns
  4176 | D        | Killed a sphinx
  4177 | D        | Noticed a shadow dragon
  4197 | D        | Reached XP level 17. HP: 138/191 MP: 16/16
  4272 | D        | Got a shimmering cloak
  4283 | D        | Identified the cursed +0 cloak of Distant Shores {rF+
                  | rCorr} (You found it in the Dungeon)
  4315 | D        | Noticed a tentacled monstrosity
  4315 | D        | Noticed a quicksilver dragon
  4327 | D        | Killed a tentacled monstrosity
  4328 | D        | Noticed a quicksilver dragon
  4341 | D        | Killed a quicksilver dragon
  4372 | D        | Killed a quicksilver dragon
  4378 | D        | Got a silver rune of Zot
  4421 | D        | Noticed Xtahua
  4431 | D        | Killed Xtahua
  4438 | D        | Noticed Mara
  4447 | D        | Noticed HoaS's illusion
  4448 | D        | Killed Mara
  4498 | D        | Got the ring "Oriotar" {rC+ EV+4}
  4500 | D        | Got the ring of Raukas {Fire *Drain rElec rN+ Int+3}
  4502 | D        | Got the ring "Seamautt" {rF+ rCorr Stlth+}
  4504 | D        | Got the amulet of Heomij {Regen+ Int+4}
  4506 | D        | Got the amulet of Venoicil {Spirit rF+ rC+ MR-}
  4701 | D        | Noticed Boris
  4708 | D        | Killed Boris
  4814 | D        | Noticed a bone dragon
  4814 | D        | Noticed a bone dragon
  4822 | D        | Killed a bone dragon
  4822 | D        | Reached XP level 18. HP: 200/200 MP: 17/17
  4833 | D        | Killed a bone dragon
  4914 | D        | Noticed a tentacled monstrosity
  4914 | D        | Noticed a quicksilver dragon
  4914 | D        | Noticed an orb of fire
  4921 | D        | Killed an orb of fire
  4933 | D        | Killed a tentacled monstrosity
  4939 | D        | Killed a quicksilver dragon
  4951 | D        | Reached skill level 27 in Armour
  4951 | D        | Reached skill level 27 in Dodging
  4951 | D        | Reached skill level 1 in Stealth
  4996 | D        | Reached skill level 10 in Stealth
  5054 | D        | Reached skill level 15 in Stealth
  5128 | D        | Noticed an orb of fire
  5128 | D        | Noticed a quicksilver dragon
  5153 | D        | Killed an orb of fire
  5153 | D        | Reached XP level 19. HP: 188/207 MP: 18/18
  5293 | D        | Reached skill level 27 in Stealth
  5309 | D        | Reached skill level 5 in Invocations
  5316 | D        | Reached skill level 5 in Throwing
  5316 | D        | Reached skill level 5 in Evocations
  5363 | D        | Reached skill level 10 in Invocations
  5372 | D        | HP: 9/207 [Orb Guardian (25)]
  5373 | D        | Annihilated by an Orb Guardian

Illustrated notes

Levels and vault maps discovered:
D:        linesprint [early_d, line_temple, items_1, d_10, items_2, lair_1,
          lair_end, items_3, orc_1, orc_end, items_4, d_15, swamp_1, shoals_1,
          snake_1, spider_1, d_20, vaults_1, items_5, swamp_end, shoals_end,
          snake_end, spider_end, vaults_end, d_27, items_6, zot_1, zot_end,
          crypt_end, forest_end, elf_end, slime_end, tomb_end, abyss_end,
          pan_hell_end]

Skill      XL: |  1  2  3  4  5  6  7  8  9 10 11 12 13 14 15 16 17 18 19 |
---------------+----------------------------------------------------------+-----
Unarmed Combat | 5 7 10 12 13 14 15 16 17 19 21 23 25 27 | 27.0
Fighting       | 4 6 8 10 12 14 16 19 21 23 25 27 | 27.0
Armour         | 2 3 4 6 7 8 10 12 13 15 16 21 25 27 | 27.0
Dodging        | 3 4 5 6 8 9 11 12 13 15 17 21 25 27 | 27.0
Stealth        | 22 27 | 27.0
Throwing       | 9 |  9.2
Invocations    | 10 | 10.6
Evocations     | 9 |  9.0

Action                   |  1- 3 |  4- 6 |  7- 9 | 10-12 | 13-15 | 16-18 | 19-21 || total
-------------------------+-------+-------+-------+-------+-------+-------+-------++-------
Melee: Unarmed           |    36 |    35 |    89 |   320 |   549 |   592 |    90 ||  1711
       Punch             |       |     5 |     2 |    32 |    83 |    92 |    11 ||   225
Evoke: Wand              |       |       |       |     4 |       |       |       ||     4
  Use: Potion            |     1 |     1 |     2 |     2 |       |       |       ||     6
       Scroll            |       |       |       |     5 |     2 |     6 |       ||    13
 Stab: Sleeping          |       |       |       |       |       |     2 |     5 ||     7
Armor: Leather armour    |     1 |     1 |       |       |       |       |       ||     2
       Scale mail        |       |     5 |    22 |    14 |       |       |       ||    41
       Plate armour      |       |       |       |    54 |       |       |       ||    54
       Storm dragon scal |       |       |       |    36 |   151 |       |       ||   187
       Shadow dragon sca |       |       |       |       |       |   202 |    17 ||   219
Dodge: Dodged            |    17 |    12 |    37 |    86 |   272 |   399 |    30 ||   853

Table legend: (Time is in decaauts)
 A = Elapsed time spent in this place.
 B = Non-inter-level travel time spent in this place.
 C = Inter-level travel time spent in this place.
 D = Time resting spent in this place.
 E = Time spent auto-exploring this place.
 F = Levels seen in this place.
 G = Mean time per level.
                   A        B        C        D        E       F      G
               +--------+--------+--------+--------+--------+-----+--------+
         Total |   4447 |   4211 |    236 |    775 |    809 |   1 | 4447.0 |
       Dungeon |   4447 |   4211 |    236 |    775 |    809 |   1 | 4447.0 |
               +--------+--------+--------+--------+--------+-----+--------+

Top non-repeatable levels by time:
       D: 4447 daAuts
